 Dungeon Crawl Stone Soup version 0.16-a0-1276-g18860b1 (webtiles) character file.

17 Kashira the Caller (level 2, -1/15 HPs)
             Began as a Tengu Summoner on Oct 14, 2014.
             Shot with a stone by a goblin (8 damage)
             ... on level 2 of the Dungeon.
             The game lasted 00:03:01 (544 turns).

Kashira the Caller (Tengu Summoner)                  Turns: 544, Time: 00:03:01

Health: -1/15      AC:  2    Str:  8    XL:     2   Next: 62%
Magic:  0/5        EV: 12    Int: 15    God:
Gold:   71         SH:  0    Dex: 14    Spells: 2 memorised, 2 levels left

rFire  . . .     SeeInvis .     i - +2 short sword (drain)
rCold  . . .     Clarity  .     a - +0 robe
rNeg   . . .     SustAb   .     (no shield)
rPois  .         Gourm    .     (helmet restricted)
rElec  .         Spirit   .     (no cloak)
rCorr  .         Warding  .     (no gloves)
rMut   .         Stasis   .     (boots unavailable)
MR     .....                    (no amulet)
Stlth  ++........               (no ring)
                                h - ring of teleport control

@: not resistant to hostile enchantments, unstealthy
A: beak, talons 3
a: Evoke Teleport Control


You were on level 2 of the Dungeon.
You were not hungry.

You visited 1 branch of the dungeon, and saw 2 of its levels.

You collected 71 gold pieces.

Inventory:

Hand weapons
 i - a +2 short sword of draining (weapon)
Missiles
 f - 13 stones (quivered)
Armour
 a - a +0 robe (worn)
Jewellery
 h - a ring of teleport control (left hand)
Scrolls
 e - a scroll of fog {unknown}
 g - a scroll of amnesia {unknown}
Potions
 d - a potion of magic {unknown}
 l - a potion of curing {unknown}
Books
 b - a book of Callings

   Spells                             Type                      Level
   *Summon Small Mammal               Summoning                    1
   *Call Imp                          Summoning                    2
   Call Canine Familiar               Summoning                    3
   Summon Guardian Golem              Hexes/Summoning              4
   Summon Lightning Spire             Summoning/Air                4
   Summon Ice Beast                   Ice/Summoning                4
Comestibles
 c - a bread ration
 j - a meat ration
 k - a beef jerky


   Skills:
 + Level 2.2 Dodging
 - Level 2.0 Stealth
 + Level 2.1 Spellcasting
 + Level 5.5 Summonings


You had 2 spell levels left.
You knew the following spells:

 Your Spells              Type           Power        Failure   Level  Hunger
a - Summon Small Mammal   Summ           ###.         1%          1    #......
b - Call Imp              Summ           ###.....     3%          2    ###....


Dungeon Overview and Level Annotations

Branches:
Dungeon (2/15)

Altars:


Innate Abilities, Weirdness & Mutations

You have a beak for a mouth.
You have claws for feet.


Message History

Casting: Summon Small Mammal
Confirm with . or Enter, or press ? or * to list all spells.
Casting: Summon Small Mammal
Confirm with . or Enter, or press ? or * to list all spells.
Casting: Summon Small Mammal
Confirm with . or Enter, or press ? or * to list all spells.
Nothing appears to happen.
What do you say? t - Shout!
Orders for allies: a - Attack new target. p - Attack previous target. r - Retreat! s - Stop attacking. w - Wait here. f - Follow me.
Anything else - Stay silent.
Gang up on whom?
Press: ? - help, Dir - move target cursor, f/p - goblin
Aim: a goblin, wielding a hunting sling Attack!
Your bat barely misses the goblin.
The goblin shoots a stone.
The stone barely misses your bat. The stone hits you!
Ouch! That really hurt!
You die...

.# ##...### .#
# #....>. .#
#.#....# .#
#.#....####
######.#
#r...$.g(.g.
.....#.#
########(...#
..##.#.#
#.......(..##
.....<.#
#.######g###
..##)..#
#..bb@b.r#
..#%...#
#.########
......######.#
.(...........#
<.<...######.#
.............#
........######
###.###.#
###.# #.#


You could see a goblin, a friendly quokka and 3 friendly bats.

Vanquished Creatures
  A worm (D:2)
  A bat (D:1)
  A giant cockroach (D:2)
  2 goblins
  A hobgoblin (D:1)
  A kobold (D:2)
  3 rats (D:1)
10 creatures vanquished.

Vanquished Creatures (collateral kills)
  A giant cockroach (D:2)
  A goblin (D:1)
  4 jackals (D:1)
  A rat (D:1)
7 creatures vanquished.

Vanquished Creatures (others)
  A bat (D:1)
  A rat (D:1)
2 creatures vanquished.

Grand Total: 19 creatures vanquished

Notes
Turn   | Place    | Note
--------------------------------------------------------------
     0 | D:1      | Kashira, the Tengu Summoner, began the quest for the Orb.
     0 | D:1      | Reached XP level 1. HP: 10/10 MP: 3/3
    71 | D:1      | Reached skill level 5 in Summonings
   121 | D:1      | Reached XP level 2. HP: 7/15 MP: 0/5
   517 | D:2      | Learned a level 2 spell: Call Imp
   544 | D:2      | Shot with a stone by a goblin

Action                   || total
-------------------------++-------
Melee: Short sword       ||    18
       Hand axe          ||     1
Throw: Stone             ||     2
 Cast: Summon Small Mamm ||    24
 Stab: Distracted        ||     2
